 Dungeon Crawl Stone Soup version 0.29.1-15-g9cfb28693d (webtiles) character file.

Game seed: 2462704267722914561

1148 BuddhaDhamma the Cleaver (level 8, -2/64 HPs)
             Began as a Minotaur Berserker on Mar 7, 2023.
             Was a Priest of Trog.
             Slain by an orc
             ... wielding a +0 war axe
              (5 damage)
             ... on level 5 of the Dungeon.
             The game lasted 00:09:17 (5146 turns).

BuddhaDhamma the Cleaver (Minotaur Berserker)       Turns: 5146, Time: 00:09:18

Health: -2/64      AC:  8    Str: 26    XL:     8   Next: 15%
Magic:  7/7        EV: 10    Int:  4    God:    Trog [***...]
Gold:   316        SH:  5    Dex: 10    Spells: 7/7 levels left

rFire   . . .      SeeInvis .   q - +1 war axe (protect)
rCold   + . .      Faith    .   (no shield)
rNeg    . . .      Spirit   .   z - +0 scale mail
rPois   .          Reflect  +   (helmet restricted)
rElec   .          Harm     .   p - +1 cloak
rCorr   .          Rampage  .   (no gloves)
Will    .....                   (no boots)
Stlth   ..........              r - amulet "Wifrutid" {Reflect rC+ Str+2 SH+5}
HPRegen 0.20/turn               (no ring)
MPRegen 0.10/turn               (no ring)

@: on berserk cooldown
A: horns 2, retaliatory headbutt
a: Renounce Religion, Berserk, Trog's Hand


You were on level 5 of the Dungeon.
You worshipped Trog.
Trog was most pleased with you.
You visited 1 branch of the dungeon, and saw 5 of its levels.
You also visited: Sewer.

You collected 316 gold pieces.

Inventory:

Hand Weapons
 q - a +1 war axe of protection (weapon)
Missiles
 c - 5 javelins (quivered)
Armour
 p - a +1 cloak (worn)
 z - a +0 scale mail (worn)
Jewellery
 e - a ring of protection from cold
 r - the amulet "Wifrutid" (around neck) {Reflect rC+ Str+2 SH+5}
   (You found it on level 2 of the Dungeon)

   [amulet of reflection]

   It reflects blocked missile attacks.
   Str:       It affects your strength (+2).
   rC:        It protects you from cold.
   SH:        It affects your SH (+5).
 x - an amulet of reflection
Wands
 u - a wand of flame (59)
 y - a wand of light (20)
Scrolls
 a - a scroll of identify
 f - 2 scrolls of teleportation
Potions
 b - 2 potions of brilliance
 d - a potion of cancellation
 i - a potion of resistance {unknown}
 j - 2 potions of degeneration {unknown}
 k - a potion of flight {unknown}
 m - 3 potions of berserk rage
 n - 2 potions of heal wounds {unknown}
 o - 2 potions of attraction {unknown}
 s - 2 potions of ambrosia {unknown}
 t - a potion of mutation {unknown}
 v - 2 potions of lignification {unknown}


   Skills:
 - Level 3.6 Fighting
 + Level 12.0 Axes
 - Level 2.4 Armour
 - Level 2.1 Dodging


You had 7 spell levels left.
You didn't know any spells.
Your spell library was empty.

Dungeon Overview and Level Annotations

Branches:
Dungeon (5/15)              Sewer (visited)
 Temple: D:4-7

Altars:
Elyvilon
Kikubaaqudgha
Ru
Sif Muna
Trog

Shops:
D:1 *


Innate Abilities, Weirdness & Mutations

You have a pair of horns on your head.
You reflexively headbutt those who attack you in melee.


Message History

An orc comes into view. It is wielding a +0 war axe.
The gnoll barely misses you. Something hits you. You block the gnoll's attack.
You block the orc's attack. The orc closely misses you.
Items here: ( ))) [ ††.
You slash the orc!
You kill the orc!
Trog accepts your kill.
You barely miss the orc. You barely miss something.
You hear some strange, mumbled words.
A magic dart appears from out of thin air!
The magic dart hits you but does no damage.
The wight throws a stone.
The stone hits you.
* * * LOW HITPOINT WARNING * * *
You block the gnoll's attack.
You slash the orc!
You kill the orc!
Trog accepts your kill.
You barely miss something. Something hits you but does no damage.
The gnoll closely misses you. The wight barely misses you.
Something hits you but does no damage. The orc barely misses you.
The wight hits you with a +0 halberd!
* * * LOW HITPOINT WARNING * * *
Something hits you but does no damage. You block the orc's attack.
The wight closely misses you.
Items here: ( ))) [[.
You hear some strange, mumbled words.
A magic dart appears from out of thin air!
The magic dart hits you.
* * * LOW HITPOINT WARNING * * *
A wight comes into view. It is wielding a +4 mace of freezing.
The wight throws a stone.
You reflect the stone off an invisible shield around you!
The stone closely misses the wight.
Items here: ( )))) [ ††††.
It was a potion of cancellation.
Your magical effects are unravelling.
You feel magically purged.
You feel yourself speed up. Something hits you but does no damage.
The orc hits you with a +0 war axe.
You die...

###........#
##...##.##
#...#.##..##
####....#..#
##.........#
#.......#.##
#...##†###.#
#.###...#.#
##..###.# #.#
####..†.# ...## #.#
..### #.....###
...####.# .###.
#.###.#
.....##.##.##gz###)#
#.#
.###.##.##.#..#o@).#
#.# ...#.##.##.
#o{#### #.# ♣..#.##
. #z.## #.#
#♣....#.... #.## #.#
♣.......####.
#♣.###........ ♣..#
#..#.....
...###........
#.#...........


You could see 2 wights, a gnoll and 2 orcs.

Vanquished Creatures
  Grinder (D:4)
  Menkaure (D:5)
  A water moccasin (Sewer)
  An ice beast (D:5)
  A kobold brigand (D:5)
  A scorpion (D:5)
  5 hounds
  2 orc priests (D:4)
  An iguana (D:5)
  A gnoll bouda (D:5)
  Ijyb (D:3)
  4 adders
  7 gnolls (D:5)
  2 worms
  2 dart slugs (D:2)
  11 orcs
  8 ball pythons
  2 bats
  7 endoplasms
  3 giant cockroaches
  2 hobgoblins
  7 jackals
  13 kobolds
  2 quokkas
  5 frilled lizards
  13 goblins
  A rat (D:1)
105 creatures vanquished.

Vanquished Creatures (others)
  A kobold (D:4)
  4 fungi (D:1)
  A plant (D:1)
6 creatures vanquished.

Grand Total: 111 creatures vanquished

Notes
Turn   | Place    | Note
-------+----------+-------------------------------------------
     0 | D:1      | BuddhaDhamma the Minotaur Berserker began the quest for the
                  | Orb.
     0 | D:1      | Reached XP level 1. HP: 19/19 MP: 0/0
   102 | D:1      | Reached skill level 4 in Axes
   437 | D:1      | Found a faded altar of an unknown god.
   505 | D:1      | Reached XP level 2. HP: 26/26 MP: 1/1
  1045 | D:1      | Reached skill level 5 in Axes
  1107 | D:1      | Found Iloimu's General Store.
  1294 | D:2      | Reached XP level 3. HP: 13/31 MP: 2/2
  1689 | D:2      | Reached ** piety under Trog
  2050 | D:2      | Identified the amulet "Wifrutid" {Reflect rC+ Str+2 SH+5}
  2231 | D:3      | Found a shimmering blue altar of Sif Muna.
  2730 | D:3      | Noticed Ijyb
  2735 | D:3      | Reached skill level 6 in Axes
  2735 | D:3      | Reached XP level 4. HP: 39/39 MP: 3/3
  2741 | D:3      | Killed Ijyb
  3484 | D:4      | Found a glowing drain.
  3505 | Sewer    | Entered a sewer
  3613 | Sewer    | Noticed a water moccasin
  3617 | Sewer    | Killed a water moccasin
  3618 | Sewer    | Reached skill level 7 in Axes
  3618 | Sewer    | Reached XP level 5. HP: 45/45 MP: 4/4
  3835 | D:4      | Reached skill level 8 in Axes
  4016 | D:4      | Found a bloodstained altar of Trog.
  4017 | D:4      | Found a white marble altar of Elyvilon.
  4018 | D:4      | Found an ancient bone altar of Kikubaaqudgha.
  4019 | D:4      | Noticed Grinder
  4031 | D:4      | Reached XP level 6. HP: 33/51 MP: 5/5
  4040 | D:4      | Killed Grinder
  4041 | D:4      | Reached skill level 9 in Axes
  4285 | D:4      | Found a sacrificial altar of Ru.
  4287 | D:4      | Noticed a hornet
  4646 | D:4      | Reached XP level 7. HP: 31/57 MP: 6/6
  4868 | D:5      | Entered Level 5 of the Dungeon
  4882 | D:5      | Noticed Menkaure
  4890 | D:5      | Killed Menkaure
  4891 | D:5      | Reached skill level 10 in Axes
  5046 | D:5      | Reached skill level 11 in Axes
  5127 | D:5      | Reached XP level 8. HP: 64/64 MP: 7/7
  5137 | D:5      | Reached skill level 12 in Axes
  5143 | D:5      | Reached *** piety under Trog
  5145 | D:5      | HP: 3/64 [something/magic dart (6)]
  5146 | D:5      | Slain by an orc

Illustrated notes

Levels and vault maps discovered:
D:1:      dpeg_arrival_three_same_balls, layout_basic,
          dreamdust_ecumenical_altar_grove, serial_shops, shop,
          wad_floor_pattern_untrapped
D:2:      layout_loops_corners
D:3:      kennysheep_goblin_castle, layout_loops_corners, lemuel_doored_altar,
          minmay_misc_feat_doors
D:4:      layout_basic, lemuel_tele_altar,
          chequers_temple_overflow_statue_of_worship,
          cheibrodos_sewer_entry_bend, uniq_ijyb, uniq_grinder
D:5:      layout_rooms, temple_green, minmay_stone_trees_small, st_stairs_9,
          uniq_menkaure

Skill      XL: |  1  2  3  4  5  6  7  8 |
---------------+-------------------------+-----
Axes           | 4 5 6 7 8 9 11 12 | 12.0
Fighting       | |  3.6
Armour         | |  2.4
Dodging        | |  2.1

Action                   |  1- 3 |  4- 6 |  7- 9 || total
-------------------------+-------+-------+-------++-------
Melee: Hand axe          |    49 |       |       ||    49
       Headbutt          |     6 |    10 |    11 ||    27
       Punch             |     1 |       |       ||     1
       War axe           |    14 |    67 |    67 ||   148
Throw: Javelin           |    29 |       |       ||    29
Invok: Berserk           |     1 |     2 |     2 ||     5
  Use: Scroll            |       |     8 |     3 ||    11
       Potion            |       |       |     4 ||     4
Armor: Ring mail         |    14 |    15 |       ||    29
       Scale mail        |       |    10 |    38 ||    48
Dodge: Dodged            |    36 |    32 |    24 ||    92
Block: Other             |     5 |    13 |    18 ||    36
       Reflection        |     1 |     2 |     2 ||     5
